 Dungeon Crawl Stone Soup version 0.29.1-1-gd02db6906a (webtiles) character file.

Game seed: 173614522951874862

8 Sanktem7 the Chopper (level 2, 21/25 HPs)
             Began as a Minotaur Gladiator on Oct 2, 2022.
             Got out of the dungeon alive.
             The game lasted 00:01:00 (226 turns).

Sanktem7 the Chopper (Minotaur Gladiator)            Turns: 226, Time: 00:01:01

Health: 21/25      AC:  3    Str: 18    XL:     2   Next: 0%
Magic:  1/1        EV: 12    Int:  5    God:
Gold:   0          SH:  0    Dex: 11    Spells: 1/1 levels left

rFire   . . .      SeeInvis .   a - +0 war axe {axe}
rCold   . . .      Faith    .   (no shield)
rNeg    . . .      Spirit   .   b - +0 leather armour
rPois   .          Reflect  .   c - +0 hat
rElec   .          Harm     .   (no cloak)
rCorr   .          Rampage  .   (no gloves)
Will    .....                   (no boots)
Stlth   +.........              (no amulet)
HPRegen 0.08/turn               (no ring)
MPRegen 0.07/turn               (no ring)

@: no status effects
A: horns 2, retaliatory headbutt
a: no special abilities


You escaped.
You visited 1 branch of the dungeon, and saw 1 of its levels.


Innate Abilities, Weirdness & Mutations

You have a pair of horns on your head.
You reflexively headbutt those who attack you in melee.


   Skills:
 * Level 2.8 Fighting
 * Level 3.9 Axes
 + Level 2.1 Throwing
 - Level 3.2 Dodging


You had one spell level left.
You didn't know any spells.
Your spell library was empty.

Inventory:

Hand Weapons
 a - a +0 war axe (weapon) {axe}
Missiles
 d - 3 throwing nets (quivered) {=f!fthrowing}
 e - a javelin {throwing}
Armour
 b - a +0 leather armour (worn)
 c - a +0 hat (worn)
Scrolls
 f - 2 scrolls of identify {unknown}
Potions
 g - a potion of heal wounds {unknown}

Dungeon Overview and Level Annotations

Branches:
Dungeon (1/15) Zot: 5770

Altars:

####...####
#.........#
#.>.......#
#.........#
####...####
#...#
####...####
#.........#
#.⌠..@..⌠.#
#.........#
###########


There were no monsters in sight!


Message History

No target in view!
No target in view!
No target in view!
No target in view!
No target in view!
No target in view!
No target in view!
No target in view!
No target in view!
No target in view!
No target in view!
No target in view!
No target in view!
A ball python comes into view.
The ball python hisses angrily.
The ball python moves out of view.
You see here a scroll labelled NASI RIUHUC.
A ball python is nearby!
You closely miss the ball python. The ball python bites you.
The ball python grabs you.
The ball python constricts you. 😕 HP[-1]
You take 1 damage, and now have 17/18 hp.
Unknown command.
Unknown command.
You slash the ball python!
You kill the ball python!
f - 2 scrolls labelled NASI RIUHUC (gained 1)
You see here a ball python corpse.
A giant cockroach comes into view. 😎 HP[+1]
Your hp is fully restored (18).
A giant cockroach is nearby!
A giant cockroach is nearby!
You slash the giant cockroach!
You kill the giant cockroach!
An endoplasm comes into view.
The endoplasm quivers.
An endoplasm is nearby!
The endoplasm freezes you.
You are frozen. 😕 HP[-3]
You take 3 damage, and now have 15/18 hp.
You slash the endoplasm!
You kill the endoplasm!
No target in view!
No target in view!
No target in view!
No target in view!
No target in view!
No target in view!
No target in view!
No target in view!
No target in view!
A rat comes into view. 😎 HP[+3]
Your hp is fully restored (18).
A rat is nearby!
You hit the rat.
You kill the rat!
No target in view!
No target in view!
No target in view!
No target in view!
No target in view!
No target in view!
No target in view!
g - a sapphire potion An endoplasm and a quokka come into view.
There are monsters nearby!
You hit the quokka.
You kill the quokka!
The endoplasm barely misses you. You furiously retaliate!
You headbutt the endoplasm, but do no damage.
You hit the endoplasm. The endoplasm freezes you.
You are frozen. 😕 HP[-4]
You take 4 damage, and now have 14/18 hp.
MASSIVE DAMAGE!! (PAUSE)
You hit the endoplasm. The endoplasm freezes you.
You are frozen. 😮 HP[-3]
You take 3 damage, and now have 11/18 hp.
You hit the endoplasm.
You kill the endoplasm!
You have reached level 2! 😮 HP[+5] MP[+1]
You now have 25 max hp (+7).
You regained 5 hp, and now have 16/25 hp.
Your mp is fully restored (1).
Unknown command. 😕 HP[+3]
You regained 3 hp, and now have 19/25 hp. 😕 HP[+1] 😕 HP[+1]
There is a staircase leading out of the dungeon here.
Are you sure you want to leave the Dungeon?
This will make you lose the game!
You have escaped!

Action                   || total
-------------------------++-------
Melee: War axe           ||    10
Dodge: Dodged            ||     3

Levels and vault maps discovered:
D:1:      minmay_arrival_hallway, layout_basic, solitary_fountain,
          hangedman_abyss_or_decor_lesser_grid

Notes
Turn   | Place    | Note
-------+----------+-------------------------------------------
     0 | D:1      | Sanktem7 the Minotaur Gladiator began the quest for the
                  | Orb.
     0 | D:1      | Reached XP level 1. HP: 18/18 MP: 0/0
     0 | D:1      | magus.rc [v1.9.6]
   161 | D:1      | Reached XP level 2. HP: 16/25 MP: 1/1
   226 | D:$      | Got out of the dungeon alive.

Vanquished Creatures
  2 endoplasms (D:1)
  A giant cockroach (D:1)
  2 quokkas (D:1)
  A ball python (D:1)
  A rat (D:1)
7 creatures vanquished.

Table legend:
 A = Non-vault XP
 B = Vault XP
 C = Vault XP percentage of total XP
 D = Non-vault monster count
 E = Vault monster count
 F = Vault count percentage of total count
                 A         B        C        D         E       F
            +---------+---------+-------+---------+---------+-------
      Total |      12 |       0 |   0.0 |       7 |       0 |   0.0
            +---------+---------+-------+---------+---------+-------
        D:1 |      12 |       0 |   0.0 |       7 |       0 |   0.0
            +---------+---------+-------+---------+---------+-------

Illustrated notes

Table legend:
 A = Kills in this place as a percentage of kills in entire the game.
 B = Kills by you in this place as a percentage of kills by you in the entire game.
 C = Kills by friends in this place as a percentage of kills by friends in the entire game.
 D = Other kills in this place as a percentage of other kills in the entire game.
 E = Experience gained in this place as a percentage of experience gained in the entire game.
 F = Experience gained in this place divided by the number of levels of this place that you have seen.
                   A       B       C       D       E      F
               +-------+-------+-------+-------+-------+----------------------
         Total | 100.0 | 100.0 |   N/A |   N/A | 100.0 |  12.0
       Dungeon | 100.0 | 100.0 |   N/A |   N/A | 100.0 |  12.0
               +-------+-------+-------+-------+-------+----------------------

Table legend: (Time is in decaauts)
 A = Elapsed time spent in this place.
 B = Non-inter-level travel time spent in this place.
 C = Inter-level travel time spent in this place.
 D = Time resting spent in this place.
 E = Time spent auto-exploring this place.
 F = Levels seen in this place.
 G = Mean time per level.
                   A        B        C        D        E       F      G
               +--------+--------+--------+--------+--------+-----+--------+
         Total |    229 |    167 |     62 |      0 |    130 |   1 |  229.0 |
       Dungeon |    229 |    167 |     62 |      0 |    130 |   1 |  229.0 |
               +--------+--------+--------+--------+--------+-----+--------+

Top non-repeatable levels by time:
     D:1: 229 daAuts
